 Dungeon Crawl Stone Soup version 0.31-a0-180-g519b7de00c (webtiles) character file.

Game seed: 17636531866082714973

321 qw the Shooter (level 6, -4/56 HPs)
             Began as a Naga Hunter on June 20, 2023.
             Was an Initiate of Okawaru.
             Slain by Duvessa
             ... wielding a +0 short sword
              (6 damage)
             ... on level 4 of the Dungeon.
             The game lasted 00:01:06 (3103 turns).

qw the Shooter (Naga Hunter)                        Turns: 3103, Time: 00:01:06

Health: -4/56      AC:  5    Str: 14    XL:     6   Next: 46%
Magic:  6/6        EV: 10    Int:  9    God:    Okawaru [......]
Gold:   94         SH:  0    Dex: 16    Spells: 5/5 levels left

rFire   . . .        Y - +2 shortbow
rCold   x . .        (shield currently unavailable)
rNeg    + . .        i - +0 robe "Optav" {rC- rN+ Regen+ Stlth+}
rPois   +            (no helmet)
rElec   .            g - +0 cloak
rCorr   .            k - +0 pair of gloves
SInv    +            (no barding)
Will    .....        (no amulet)
Stlth   +++          (no ring)
HPRegen 1.09/turn    (no ring)
MPRegen 0.10/turn

%: no passive effects
@: about to teleport, short of breath, very slow
A: AC +2, large, see invisible, deformed body, poison resistance, slowness 2,
spit poison 1, naga tail 1
a: Spit Poison, Renounce Religion


You were on level 4 of the Dungeon.
You worshipped Okawaru.
Okawaru was noncommittal.
You visited 2 branches of the dungeon, and saw 5 of its levels.

You collected 152 gold pieces.
You spent 58 gold pieces at shops.


Innate Abilities, Weirdness & Mutations

Your serpentine skin is tough. (AC +2)
You have supernaturally acute eyesight. (SInv)
Armour fits poorly on your strangely shaped body.
Your system is resistant to poisons. (rPois)
You cover ground very slowly.
You can spit poison.
You have a snake-like lower body.


   Skills:
 + Level 3.0 Fighting
 - Level 6.5 Ranged Weapons
 - Level 1.5 Dodging
 - Level 1.5 Stealth


You had 5 spell levels left.
You didn't know any spells.
Your spell library was empty.

Inventory:

Hand Weapons
 Y - a +2 shortbow (weapon)
Armour
 g - a +0 cloak (worn)
 i - the +0 robe "Optav" (worn) {rC- rN+ Regen+ Stlth+}
   (You found it on level 3 of the Dungeon)

   rC:        It makes you vulnerable to cold.
   rN:        It protects you from negative energy.
   Regen:     It increases your rate of health regeneration.
   Stlth:     It makes you more stealthy.
 k - a +0 pair of gloves (worn)
Scrolls
 l - a scroll of identify
Potions
 b - a potion of degeneration {unknown}
 f - a potion of enlightenment
 h - a potion of attraction {unknown}
 j - a potion of might {unknown}

Dungeon Overview and Level Annotations

Branches:
Dungeon (4/15)             Temple (1/1) D:4

Altars:
Cheibriados
Fedhas
Gozag
Kikubaaqudgha
Nemelex Xobeh
Okawaru
Qazlal
Ru
Sif Muna
Trog
Vehumet
Yredelemnul
Zin
The Shining One

Shops:
D:3 *[

Annotations:
D:4 Dowan, Duvessa


Message History

Duvessa seems to speed up.
3096 ||| INVOKING Spit Poison.
Aiming: Spit Poison (1% risk of failure)
Press: ? - help, Shift-Dir - straight line, f/p - Duvessa The splash of poison misses Duvessa.
Duvessa misses you.
Dowan points at you and mumbles some strange words.
You easily resist.
You shoot an arrow.
The arrow hits Duvessa but does no damage.
Duvessa is severely wounded.
Duvessa hits you with a +0 short sword. x2
You shoot an arrow.
The arrow hits Duvessa but does no damage.
Duvessa is severely wounded.
Duvessa hits you with a +0 short sword. Dowan hits you with a +0 dagger.
Duvessa barely misses you.
You shoot an arrow. The arrow barely misses Duvessa.
Duvessa hits you with a +0 short sword.
Dowan points at you and mumbles some strange words.
The puff of frost hits you but does no damage.
You shoot an arrow. The arrow closely misses Duvessa.
You have got your breath back.
Duvessa hits you with a +0 short sword! Dowan hits you with a +0 dagger.
Duvessa hits you with a +0 short sword.
3101 ||| READING scroll of teleportation.
As you read the scroll of teleportation, it crumbles to dust.
You feel strangely unstable.
Duvessa looks more healthy.
Duvessa hits you with a +0 short sword! Dowan hits you with a +0 dagger.
3102 ||| INVOKING Spit Poison.
Aiming: Spit Poison (1% risk of failure)
Press: ? - help, Shift-Dir - straight line, f/p - Duvessa The splash of poison misses Duvessa.
Duvessa barely misses you. Dowan hits you with a +0 dagger.
Duvessa closely misses you.
You shoot an arrow. The arrow hits Duvessa.
Duvessa is severely wounded.
Duvessa hits you with a +0 short sword.
You die...

...#
#.......%...#
...#
#..........##
...#####
#.....#....# ###
........
##...#.....###.##
........
...............#
..##....
....##........##
~....##. ....
##........#
~..### ...
##..#.##.###
~.#.. #@e##.##.#
...... #e..#.####
.......
.........#.##
#...#..
..........## .###
...e#....## # ...
#....# .. ###.##
. #.# . ###


You could see Duvessa (fast) and Dowan.

Vanquished Creatures
  Sigmund (D:4)
  A howler monkey (D:4)
  An orc wizard (D:3)
  An adder (D:3)
  A worm (D:2)
  5 dart slugs
  10 orcs (D:3)
  2 bats (D:2)
  5 endoplasms
  4 giant cockroaches
  8 goblins
  6 hobgoblins
  5 kobolds
  4 quokkas
  3 ball pythons (D:1)
  A frilled lizard (D:3)
  9 rats
67 creatures vanquished.

Notes
Turn   | Place    | Note
-------+----------+-------------------------------------------
     0 | D:1      | qw the Naga Hunter began the quest for the Orb.
     0 | D:1      | Reached XP level 1. HP: 19/19 MP: 1/1
     0 | D:1      | 0 ||| qw: Version: 0.3-a-9-g12657ce
     0 | D:1      | 0 ||| qw: Game counter: 1162
     0 | D:1      | 0 ||| qw: Always use a shield: true
     0 | D:1      | 0 ||| qw: God list: Okawaru
     0 | D:1      | 0 ||| qw: Allow faded altars: false
     0 | D:1      | 0 ||| qw: Do Orc after D:15 true
     0 | D:1      | 0 ||| qw: Do second Lair branch before Depths: true
     0 | D:1      | 0 ||| qw: Lair rune preference: random
     0 | D:1      | 0 ||| qw: Plans: Normal
     0 | D:1      | 0 ||| PLANNING D:1-11
    34 | D:1      | 34 ||| INVOKING Spit Poison.
    35 | D:1      | 35 ||| INVOKING Spit Poison.
    38 | D:1      | 38 ||| INVOKING Spit Poison.
    63 | D:1      | 63 ||| INVOKING Spit Poison.
    68 | D:1      | 68 ||| INVOKING Spit Poison.
   129 | D:1      | 129 ||| INVOKING Spit Poison.
   142 | D:1      | 142 ||| INVOKING Spit Poison.
   149 | D:1      | Reached skill level 4 in Ranged Weapons
   149 | D:1      | Reached XP level 2. HP: 26/26 MP: 2/2
   190 | D:1      | 190 ||| INVOKING Spit Poison.
   210 | D:1      | 210 ||| INVOKING Spit Poison.
   235 | D:1      | 235 ||| INVOKING Spit Poison.
   259 | D:1      | 259 ||| INVOKING Spit Poison.
   283 | D:1      | 283 ||| INVOKING Spit Poison.
   342 | D:1      | 342 ||| INVOKING Spit Poison.
   349 | D:1      | 349 ||| INVOKING Spit Poison.
   367 | D:1      | 367 ||| INVOKING Spit Poison.
   377 | D:1      | 377 ||| INVOKING Spit Poison.
   379 | D:1      | Reached XP level 3. HP: 32/32 MP: 3/3
   432 | D:1      | 432 ||| INVOKING Spit Poison.
   469 | D:1      | 469 ||| INVOKING Spit Poison.
   582 | D:1      | 582 ||| INVOKING Spit Poison.
   871 | D:1      | 871 ||| READING scroll labelled RYUQAK QAETE.
   876 | D:1      | 876 ||| READING scroll labelled XALOAH XUMA.
   877 | D:1      | 877 ||| READING scroll labelled DOPNAM OR PAAM.
   878 | D:1      | 878 ||| READING scroll labelled JOCRATE TOTWOI.
   879 | D:1      | 879 ||| DRINKING 2 metallic coppery potions.
   926 | D:1      | 926 ||| DROPPING scroll of butterflies.
   927 | D:1      | 927 ||| DROPPING potion of lignification.
   957 | D:2      | 957 ||| INVOKING Spit Poison.
   960 | D:2      | 960 ||| INVOKING Spit Poison.
   999 | D:2      | 999 ||| INVOKING Spit Poison.
  1022 | D:2      | 1022 ||| INVOKING Spit Poison.
  1133 | D:2      | 1133 ||| INVOKING Spit Poison.
  1422 | D:2      | 1422 ||| INVOKING Spit Poison.
  1501 | D:2      | 1501 ||| READING scroll labelled PONGUZ CYEPH.
  1502 | D:2      | 1502 ||| READING scroll labelled BORALA SAERR.
  1503 | D:2      | 1503 ||| DRINKING 2 smoky red potions.
  1562 | D:3      | 1562 ||| INVOKING Spit Poison.
  1567 | D:3      | 1567 ||| INVOKING Spit Poison.
  1609 | D:3      | Reached skill level 5 in Ranged Weapons
  1609 | D:3      | Reached XP level 4. HP: 39/39 MP: 4/4
  1611 | D:3      | 1611 ||| INVOKING Spit Poison.
  1612 | D:3      | 1612 ||| INVOKING Spit Poison.
  1617 | D:3      | 1617 ||| INVOKING Spit Poison.
  1622 | D:3      | 1622 ||| INVOKING Spit Poison.
  1629 | D:3      | 1629 ||| INVOKING Spit Poison.
  1729 | D:3      | Identified the +0 robe "Optav" {rC- rN+ Regen+ Stlth+}
  1775 | D:3      | Found Waashem's Armour Boutique.
  1780 | D:3      | 1780 ||| BUYING +0 pair of gloves (58 gold).
  1780 | D:3      | Bought a +0 pair of gloves for 58 gold pieces
  1780 | D:3      | 1780 ||| SHOPLISTING +1 ring mail of fire resistance (208
                  | gold, have 35).
  1780 | D:3      | 1780 ||| SHOPLISTING +5 ring mail "Ojoihos" {+Blink rF-
                  | Int+3 Dex+3} (631 gold, have 35).
  1849 | D:3      | 1849 ||| INVOKING Spit Poison.
  1850 | D:3      | 1850 ||| Stepping ~*~*~tactically~*~*~ (outnumbered).
  1854 | D:3      | 1854 ||| INVOKING Spit Poison.
  1941 | D:3      | Reached skill level 3 in Fighting
  1951 | D:3      | 1951 ||| INVOKING Spit Poison.
  1958 | D:3      | 1958 ||| INVOKING Spit Poison.
  1964 | D:3      | 1964 ||| INVOKING Spit Poison.
  2064 | D:3      | 2064 ||| INVOKING Spit Poison.
  2073 | D:3      | 2073 ||| INVOKING Spit Poison.
  2171 | D:3      | 2171 ||| INVOKING Spit Poison.
  2176 | D:3      | 2176 ||| INVOKING Spit Poison.
  2177 | D:3      | Reached XP level 5. HP: 48/49 MP: 5/5
  2234 | D:3      | 2234 ||| INVOKING Spit Poison.
  2323 | D:3      | Found a glowing silver altar of Zin.
  2323 | D:3      | Found Zin's Purification Station.
  2331 | D:3      | 2331 ||| SHOPLISTING potion of curing (90 gold, have 59).
  2428 | D:3      | Found a snail-covered altar of Cheibriados.
  2442 | D:3      | HP: 11/49 [iron imp (8)]
  2443 | D:3      | 2443 ||| READING 2 scrolls of teleportation.
  2444 | D:3      | 2444 ||| DRINKING potion of heal wounds.
  2547 | D:3      | 2547 ||| UPGRADING to +0 cloak.
  2552 | D:3      | 2552 ||| UPGRADING to +0 robe "Optav" {rC- rN+ Regen+
                  | Stlth+}.
  2562 | D:3      | 2562 ||| DROPPING +0 leather armour.
  2563 | D:3      | 2563 ||| UPGRADING to +0 pair of gloves.
  2568 | D:3      | 2568 ||| READING scroll labelled CAWKAKK BICRU.
  2569 | D:3      | 2569 ||| DRINKING 2 sapphire potions.
  2570 | D:3      | 2570 ||| READING 2 scrolls of identify.
  2570 | D:3      | 2570 ||| IDENTIFYING blue potion
  2571 | D:3      | 2571 ||| DROPPING potion of brilliance.
  2615 | D:4      | 2615 ||| INVOKING Spit Poison.
  2709 | D:4      | Found a staircase to the Ecumenical Temple.
  2710 | D:4      | 2710 ||| PLANNING TEMPLE
  2712 | D:4      | 2712 ||| INVOKING Spit Poison.
  2714 | D:4      | Noticed Sigmund
  2715 | D:4      | 2715 ||| INVOKING Spit Poison.
  2719 | D:4      | 2719 ||| INVOKING Spit Poison.
  2720 | D:4      | Killed Sigmund
  2721 | D:4      | Reached skill level 6 in Ranged Weapons
  2721 | D:4      | Reached XP level 6. HP: 51/56 MP: 6/6
  2732 | Temple   | Entered the Ecumenical Temple
  2765 | Temple   | 2765 ||| PLANNING OKAWARU WORSHIP
  2847 | Temple   | Became a worshipper of Warmaster Okawaru
  2848 | Temple   | 2848 ||| PLANNING D:1-11
  3051 | D:4      | 3051 ||| READING scroll of enchant weapon.
  3051 | D:4      | 3051 ||| ENCHANTING +1 shortbow.
  3055 | D:4      | 3055 ||| INVOKING Spit Poison.
  3083 | D:4      | Noticed Duvessa
  3084 | D:4      | Noticed Dowan
  3088 | D:4      | 3088 ||| INVOKING Spit Poison.
  3090 | D:4      | 3090 ||| Stepping ~*~*~tactically~*~*~ (outnumbered).
  3091 | D:4      | 3091 ||| INVOKING Spit Poison.
  3096 | D:4      | 3096 ||| INVOKING Spit Poison.
  3100 | D:4      | HP: 13/56 [Dowan/+0 dagger (5)]
  3101 | D:4      | 3101 ||| READING scroll of teleportation.
  3101 | D:4      | HP: 6/56 [Duvessa/+0 short sword (7)]
  3102 | D:4      | 3102 ||| INVOKING Spit Poison.
  3102 | D:4      | HP: 1/56 [Dowan/+0 dagger (4)]
  3103 | D:4      | Slain by Duvessa

Levels and vault maps discovered:
D:1:      dpeg_arrival_signposts, layout_basic
D:2:      layout_basic
D:3:      layout_loops_corners, chei_slow_surprise, zin_purify, serial_shops,
          shop
D:4:      layout_cave_pools, mainiacjoe_overflow_alcove_4,
          minmay_temple_entry_crystal_x, serial_rivers,
          chequers_serial_rivers_micro_c, chequers_serial_rivers_micro_d,
          chequers_serial_rivers_micro_e, chequers_serial_rivers_room_a,
          uniq_sigmund, uniq_duvessa
Temple:   nicolae_temple_godzebo

Skill      XL: |  1  2  3  4  5 |
---------------+----------------+-----
Ranged Weapons | 4 5 6 |  6.5
Fighting       | 3 |  3.0
Dodging        | |  1.5
Stealth        | |  1.5

Action                     |  1- 3 |  4- 6 || total
---------------------------+-------+-------++-------
   Fire: Shortbow          |    63 |    83 ||   146
Ability: Spit Poison       |    26 |    23 ||    49
    Use: Scroll            |     6 |     5 ||    11
         Potion            |     2 |     2 ||     4
 Armour: Leather armour    |     3 |     2 ||     5
         Robe              |       |     3 ||     3
  Dodge: Dodged            |     6 |    22 ||    28

Table legend:
 A = Non-vault XP
 B = Vault XP
 C = Vault XP percentage of total XP
 D = Non-vault monster count
 E = Vault monster count
 F = Vault count percentage of total count
                 A         B        C        D         E       F
            +---------+---------+-------+---------+---------+-------
      Total |     233 |     226 |  49.2 |      66 |       1 |   1.5
            +---------+---------+-------+---------+---------+-------
        D:1 |      47 |       0 |   0.0 |      25 |       0 |   0.0
        D:2 |      25 |       0 |   0.0 |      12 |       0 |   0.0
        D:3 |      96 |       0 |   0.0 |      23 |       0 |   0.0
        D:4 |      65 |     226 |  77.7 |       6 |       1 |  14.3
            +---------+---------+-------+---------+---------+-------
